 Dungeon Crawl Stone Soup version 0.30.1-11-g7821555f0a (webtiles) character file.

Game seed: 6572633250107059249

2193 monsoonserge the Skirmisher (level 9, -3/46 HPs)
             Began as a Spriggan Hunter on Nov 1, 2023.
             Was a Follower of Okawaru.
             Killed from afar by a steam dragon (19 damage)
             ... with a ball of steam
             ... on level 7 of the Dungeon.
             The game lasted 00:18:55 (6963 turns).

monsoonserge the Skirmisher (Spriggan Hunter)       Turns: 6963, Time: 00:18:56

Health: -3/46      AC:  2    Str:  7    XL:     9   Next: 12%
Magic:  11/11      EV: 20    Int: 11    God:    Okawaru [*.....]
Gold:   354        SH:  0    Dex: 22    Spells: 8/8 levels left

rFire   . . .        a - +0 shortbow
rCold   . . .        (shield currently unavailable)
rNeg    . . .        c - +0 robe
rPois   .            (helmet restricted)
rElec   .            (no cloak)
rCorr   +            (gloves unavailable)
SInv    +            (boots unavailable)
Will    +....        (no amulet)
Stlth   +++          l - ring of resist corrosion
HPRegen 0.27/turn    (no ring)
MPRegen 0.12/turn

%: no passive effects
@: very quick
A: very small, no large weapons, unfitting armour, see invisible, speed 3
a: Renounce Religion, Heroism


You were on level 7 of the Dungeon.
You worshipped Okawaru.
Okawaru was aware of your devotion.
You visited 2 branches of the dungeon, and saw 8 of its levels.

You collected 354 gold pieces.

Inventory:

Hand Weapons
 a - a +0 shortbow (weapon)
 g - a +0 sling
Missiles
 z - a throwing net
Armour
 c - a +0 robe (worn)
 r - an orb of mayhem
Jewellery
 f - an amulet of faith
 l - a ring of resist corrosion (left hand)
 D - an amulet of magic regeneration
Wands
 x - a wand of roots (12)
Scrolls
 b - 2 scrolls of immolation
 d - 3 scrolls of vulnerability {unknown}
 i - 2 scrolls of blinking
 k - 2 scrolls of fog
 m - 2 scrolls of fear
 n - 3 scrolls of teleportation
 w - a scroll of enchant weapon {unknown}
 y - a scroll of magic mapping {unknown}
 C - a scroll of enchant armour {unknown}
Potions
 h - a potion of ambrosia {unknown}
 j - a potion of resistance {unknown}
 o - 2 potions of heal wounds
 q - 2 potions of flight {unknown}
 s - 2 potions of curing {unknown}
 t - a potion of cancellation {unknown}
 u - 2 potions of invisibility {unknown}
 v - 2 potions of lignification {unknown}
 A - a potion of might {unknown}
 B - a potion of attraction {unknown}


   Skills:
 + Level 4.4 Fighting
 + Level 10.9 Ranged Weapons
 + Level 4.6 Dodging
 + Level 3.0 Stealth
 + Level 2.0 Invocations


You had 8 spell levels left.
You didn't know any spells.
Your spell library contained the following spells:

 Spells                   Type           Power      Damage    Failure   Level
 Magic Dart               Conj           0%         1d3       34%         1
 Mephitic Cloud           Conj/Pois/Air  0%         N/A       71%         3
 Volatile Blastmotes      Fire/Tloc      0%         2d10      71%         3
 Fulminant Prism          Conj/Hex       0%         3d5       98%         4
 Iskenderun's Mystic Bla  Conj/Tloc      0%         2d3       98%         4
 Olgreb's Toxic Radiance  Pois           0%         N/A       98%         4
 Lee's Rapid Deconstruct  Erth           0%         3d4*      100%        5
 Discord                  Hex            0%         N/A       100%        8
 Ignition                 Fire           0%         3d3       100%        8
 Summon Small Mammal      Summ           Unusable   N/A       N/A         1
 Call Imp                 Summ           Unusable   N/A       N/A         2
 Call Canine Familiar     Summ           Unusable   N/A       N/A         3
 Summon Guardian Golem    Hex/Summ       Unusable   N/A       N/A         3

Dungeon Overview and Level Annotations

Branches:
Dungeon (7/15)             Temple (1/1) D:5

Altars:
Ashenzari
Cheibriados
Dithmenos
Elyvilon
Fedhas
Gozag
Hepliaklqana
Kikubaaqudgha
Makhleb
Nemelex Xobeh
Okawaru
Qazlal
Ru
Sif Muna
Trog
Uskayaw
Vehumet
Wu Jian
Xom
Yredelemnul
Zin
The Shining One

Annotations:
D:7 2 transporters, exclusions: ice statue and oklob plant, arthad's ghost, novice DjFE


Innate Abilities, Weirdness & Mutations

You are very small and have problems with some larger weapons.
You are too small for most types of armour.
You have supernaturally acute eyesight. (SInv)
You cover ground extremely quickly. (Speed+++)


Message History

Unknown command.
Fire: a) +0 shortbow
Press: ? - help, Q - select action, (/) - cycle Shift-Dir - straight line, f/p - steam dragon
Aim: a steam dragon (almost dead, 70% to hit)
You shoot an arrow.
The arrow hits the steam dragon but does no damage.
The steam dragon is almost dead.
Fire: a) +0 shortbow
Press: ? - help, Q - select action, (/) - cycle Shift-Dir - straight line, f/p - steam dragon
Aim: a steam dragon (almost dead, 70% to hit)
You shoot an arrow.
The arrow barely misses the steam dragon.
Unknown command.
Fire: a) +0 shortbow
Press: ? - help, Q - select action, (/) - cycle Shift-Dir - straight line, f/p - steam dragon
Aim: a steam dragon (almost dead, 70% to hit)
You shoot an arrow.
The arrow hits the steam dragon but does no damage.
The steam dragon is almost dead.
The steam dragon breathes steam at you. The ball of steam misses you.
You are engulfed in a cloud of scalding steam.
You see here 3 stones.
You are engulfed in a cloud of scalding steam.
You are engulfed in a cloud of scalding steam.
* * * LOW HITPOINT WARNING * * *
Fire: a) +0 shortbow
Press: ? - help, Q - select action, (/) - cycle Shift-Dir - straight line, f/p - steam dragon
Aim: a steam dragon (almost dead, 70% to hit)
You shoot an arrow.
The arrow closely misses the steam dragon.
Unknown command.
Fire: a) +0 shortbow
Press: ? - help, Q - select action, (/) - cycle Shift-Dir - straight line, f/p - steam dragon
Aim: a steam dragon (almost dead, 70% to hit)
You shoot an arrow.
The arrow barely misses the steam dragon.
The steam dragon breathes steam at you. The ball of steam hits you!!
You die...

##.## ####...####.##
##### #....#.......>
##.§.###.##....###.##
##.###.##.#####.# #.
# #..# #....# #.#
#.## #..###..### #.#
#.#. ####.......##
#.# #...
#..D..§§@...# #.#
##.. #.##........#
#.# ##. #.##........#
#.# #. #.##........#
##.# ## #§#####.###.#
#..# # #(# #..##.#
#.## # #D# ##.##.#
#.# # #§# #.##.# #.#
# #§# #§##.### #.# #


There were no monsters in sight!

Vanquished Creatures
  Grinder (D:3)
  Sigmund (D:2)
  A water moccasin (D:5)
  An ice beast (D:5)
  A centaur (D:5)
  2 ogres
  A kobold brigand (D:6)
  2 gnoll sergeants
  A bullfrog (D:7)
  3 scorpions (D:5)
  3 wights (D:7)
  A howler monkey (D:5)
  A hound (D:5)
  2 gnoll boudas
  2 sleepcaps
  7 iguanas
  2 orc wizards (D:6)
  15 gnolls
  12 adders
  A white imp (D:7)
  3 ufetubi
  3 worms
  4 dart slugs
  13 orcs
  4 endoplasms
  3 giant cockroaches
  4 goblins
  10 hobgoblins
  7 jackals
  17 kobolds
  3 quokkas
  12 ball pythons
  3 bats
  10 frilled lizards
  3 rats
159 creatures vanquished.

Notes
Turn   | Place    | Note
-------+----------+-------------------------------------------
     0 | D:1      | monsoonserge the Spriggan Hunter began the quest for the
                  | Orb.
     0 | D:1      | Reached XP level 1. HP: 10/10 MP: 2/2
   179 | D:1      | Reached XP level 2. HP: 14/14 MP: 3/3
   240 | D:1      | Found a faded altar of an unknown god.
   435 | D:1      | Reached XP level 3. HP: 15/18 MP: 4/4
   590 | D:2      | Reached skill level 5 in Ranged Weapons
   789 | D:2      | Reached XP level 4. HP: 23/23 MP: 5/5
   969 | D:2      | Noticed Sigmund
  1006 | D:2      | Killed Sigmund
  1007 | D:2      | Reached skill level 6 in Ranged Weapons
  1007 | D:2      | Reached XP level 5. HP: 9/27 MP: 6/6
  1188 | D:2      | Reached XP level 6. HP: 32/32 MP: 7/7
  1354 | D:3      | Found a hide-covered altar of Uskayaw.
  1475 | D:3      | Noticed Grinder
  2322 | D:3      | Reached skill level 7 in Ranged Weapons
  2406 | D:3      | Paralysed by Grinder for 4 turns
  2410 | D:3      | Killed Grinder
  2411 | D:3      | Reached XP level 7. HP: 36/36 MP: 8/8
  2975 | D:5      | Entered Level 5 of the Dungeon
  3188 | D:5      | Reached skill level 8 in Ranged Weapons
  3585 | D:5      | Found a staircase to the Ecumenical Temple.
  3594 | Temple   | Entered the Ecumenical Temple
  3882 | Temple   | Became a worshipper of Warmaster Okawaru
  4179 | D:5      | Reached skill level 9 in Ranged Weapons
  4179 | D:5      | Reached XP level 8. HP: 41/41 MP: 9/9
  4379 | D:5      | Reached * piety under Okawaru
  4380 | D:5      | Reached skill level 1 in Invocations
  5246 | D:5      | Reached skill level 10 in Ranged Weapons
  5929 | D:6      | Found a glowing silver altar of Zin.
  6100 | D:7      | Found a transporter.
  6103 | D:7      | Noticed arthad's ghost (novice DjFE)
  6105 | D:7      | Noticed an oklob plant
  6110 | D:7      | Noticed a slime creature
  6115 | D:7      | Found a transporter.
  6115 | D:7      | Noticed an ice statue
  6295 | D:7      | Reached XP level 9. HP: 46/46 MP: 11/11
  6673 | D:7      | Noticed an unseen horror
  6963 | D:7      | Killed from afar by a steam dragon

Illustrated notes

Levels and vault maps discovered:
D:1:      dpeg_arrival_tiny_a, layout_rooms, basic_ecumenical_altar, hex_large,
          st_stairs_3, serial_bayou_lake_a
D:2:      layout_rooms, uniq_sigmund
D:3:      layout_loops_corners, lemuel_tele_altar, uniq_grinder
D:4:      layout_gridville
D:5:      nicolae_cairo_tiling, layout_loops_corners, temple_hall, st_stairs_5
D:6:      layout_basic, zin_statuary
D:7:      layout_loops_ring, nzn_ghost_randoct, hangedman_decor_slide_cut,
          chequers_arboretum
Temple:   mainiacjoe_temple_cubbyholes

Skill      XL: |  1  2  3  4  5  6  7  8 |
---------------+-------------------------+-----
Ranged Weapons | 5 6 7 9 10 | 10.9
Fighting       | 2 3 4 |  4.4
Dodging        | 3 4 |  4.6
Stealth        | 2 3 |  3.0
Invocations    | 2 |  2.0

Action                     |  1- 3 |  4- 6 |  7- 9 || total
---------------------------+-------+-------+-------++-------
   Fire: Shortbow          |    87 |   119 |   466 ||   672
    Use: Scroll            |       |       |     6 ||     6
 Armour: Robe              |     9 |     3 |     6 ||    18
  Dodge: Dodged            |    53 |    15 |   142 ||   210
